 Dungeon Crawl Stone Soup version 0.16.2-3-ga078185 (webtiles) character file.

17 dvd the Vexing (level 2, 0/11 HPs)
             Began as a Felid Enchanter on Sept 9, 2015.
             Slain by a jackal (3 damage)
             ... on level 1 of the Dungeon.
             The game lasted 00:05:04 (1291 turns).

dvd the Vexing (Felid Enchanter)                    Turns: 1291, Time: 00:05:05

Health: 0/11       AC:  1    Str:  4    XL:     2   Next: 44%
Magic:  0/5        EV: 18    Int: 16    God:
Gold:   11         SH:  0    Dex: 16    Spells: 2 memorised, 2 levels left
                                        Lives:  0   Deaths: 0

rFire  . . .     SeeInvis +       - Unarmed
rCold  . . .     Clarity  .     (armour unavailable)
rNeg   . . .     SustAb   .     (shield unavailable)
rPois  .         Gourm    .     (helmet unavailable)
rElec  .         Spirit   .     (cloak unavailable)
rCorr  .         Warding  .     (gloves unavailable)
rMut   .         Stasis   .     (boots unavailable)
MR     .....                    (no amulet)
Stlth  +++.......               (no ring)
                                h - ring of flight

@: quick, not resistant to hostile enchantments, fairly stealthy
A: paw claws, no armour, no weapons or thrown items, fangs 3, see invisible,
carnivore 3, speed 1, shaggy fur 1, slow metabolism 1, sharp paws
a: Evoke Flight


You were on level 1 of the Dungeon.
You were very full.

You visited 1 branch of the dungeon, and saw 1 of its levels.

You collected 11 gold pieces.

Inventory:

Jewellery
 h - a ring of flight (left paw)
Scrolls
 a - a scroll of noise {unknown}
 g - a scroll of remove curse {unknown}
Potions
 b - a potion of curing {unknown}
 e - a potion of brilliance {unknown}
Books
 c - a book of Maledictions

   Spells                             Type                      Level
   a - Corona                         Hexes                        1
   b - Sure Blade                     Hexes/Charms                 2
   c - Ensorcelled Hibernation        Hexes/Ice                    2
   d - Confuse                        Hexes                        3
   e - Dazzling Spray                 Conjuration/Hexes            3
   f - Enslavement                    Hexes                        4
Comestibles
 d - a meat ration
 f - a beef jerky


   Skills:
 + Level 3.0 Dodging
 + Level 4.5 Stealth
 + Level 1.1 Unarmed Combat
 + Level 2.2 Spellcasting
 + Level 4.6 Hexes


You had 2 spell levels left.
You knew the following spells:

 Your Spells              Type           Power        Failure   Level  Hunger
a - Corona                Hex            ###....      3%          1    #......
b - Ensorcelled Hibernat  Hex/Ice        #.....       14%         2    ###....


Dungeon Overview and Level Annotations

Branches:
Dungeon (1/15)

Altars:


Innate Abilities, Weirdness & Mutations

You cannot wear armour.
You are incapable of wielding weapons or throwing items.
You have razor-sharp teeth.
You have supernaturally acute eyesight.
You are carnivorous and can eat meat at any time.
You cover ground quickly.
You are covered in fur (AC +1).
You have a slow metabolism.
Your paws have sharp claws that are effective at stabbing.


Message History

The jackal closely misses you.
The jackal stops glowing.
The jackal closely misses you. The jackal closely misses you.
The jackal barely misses you.
Casting: Corona
Confirm with . or Enter, or press ? or * to list all spells.
Aiming: Ensorcelled Hibernation
Press: ? - help, Shift-Dir - straight line, f/p - jackal
Aim: a jackal (chance 58%)
The jackal resists with significant effort.
The jackal closely misses you. x2
Casting: Ensorcelled Hibernation
Confirm with . or Enter, or press ? or * to list all spells.
Aiming: Ensorcelled Hibernation
Press: ? - help, Shift-Dir - straight line, f/p - jackal
Aim: a jackal (chance 58%)
The jackal resists with significant effort.
The jackal bites you.
You die...

## #.##.....# ##...## #. #####
#.#####..# ##.....## ##. ....#
#.# ##..# ##.......###..
..#.####.####...####...(.....##..
....)†...........(.'.........'...
..#.####.###.....###.........####
.##.# #.# #.#.#.# ##.......## #
###.# #.# #...#.# ##.....## #.#
#.# #.###@# ##...## #.#
#.###.###h# ##+## #.#
#.........##### #.# ..#
#####.#.......# #.#### ###
#.#.#####.###....#
#.#.##.........#.#
##.#.##.##.#......#
##..........##....######
#........######.#.......


You could see a jackal.

Vanquished Creatures
  A giant gecko (D:1)
  An ooze (D:1)
  A ball python (D:1)
  A giant cockroach (D:1)
  A goblin (D:1)
  A hobgoblin (D:1)
  3 jackals (D:1)
  A bat (D:1)
  A giant newt (D:1)
  A kobold (D:1)
  2 rats (D:1)
14 creatures vanquished.

Notes
Turn   | Place    | Note
--------------------------------------------------------------
     0 | D:1      | dvd, the Felid Enchanter, began the quest for the Orb.
     0 | D:1      | Reached XP level 1. HP: 7/7 MP: 4/4
   842 | D:1      | Reached XP level 2. HP: 11/11 MP: 5/5
   846 | D:1      | Learned a level 2 spell: Ensorcelled Hibernation
  1291 | D:1      | Slain by a jackal

Action                   || total
-------------------------++-------
Melee: Unarmed           ||    50
 Cast: Corona            ||     9
       Ensorcelled Hiber ||     9
 Stab: Sleeping          ||     6
  Eat: Chunk             ||     7
